 Dungeon Crawl Stone Soup version 0.29.1-1-gd02db6906a (webtiles) character file.

Game seed: 7398223741232586571

833016 mefisto the Sorcerer (level 27, -8/148 HPs)
             Began as a Deep Elf Ice Elementalist on Sept 27, 2022.
             Was a Priest of Sif Muna.
             Killed from afar by a wendigo (37 damage)
             ... with a seracfall
             ... on level 4 of Cocytus on Sept 30, 2022.
             The game lasted 10:26:17 (115559 turns).

mefisto the Sorcerer (Deep Elf Ice Elementalist)  Turns: 115559, Time: 10:26:18

Health: -8/148     AC: 18    Str:  5      XL:     27
Magic:  19/53      EV: 25    Int: 31 (35) God:    Sif Muna [***...]
Gold:   7255       SH: 16    Dex: 17      Spells: 1/75 levels left

rFire   + . .      SeeInvis +   I - +4 staff of Dispater
rCold   + + +      Faith    .   a - +3 warlock's mirror {reflect}
rNeg    + + .      Spirit   .   Z - +4 skin of Zhor {*Englaciate rC+++ SInv}
rPois   .          Reflect  +   l - +0 helmet
rElec   .          Harm     .   E - +2 cloak {rCorr}
rCorr   +          Rampage  .   L - +1 pair of gloves of Defence {rCorr}
Will    +++..                   x - +2 pair of boots {Fly}
Stlth   ++++......              T - amulet of the Little Devil {Reflect Regen+ Dex+2 SH+5}
HPRegen 1.14/turn               z - ring "Duculog" {rF+ rN+ rCorr}
MPRegen 0.33/turn               g - ring "Igonoerph" {rN+ SInv}

@: channelling, flying, studying 2 skills, unable to drink
A: iridescent scales 2, deformed body, strong-willed 1
}: 6/15 runes: decaying, serpentine, slimy, silver, golden, iron
a: Renounce Religion, Evoke the Staff of Dispater, Channel Magic, Forget Spell


You were on level 4 of Cocytus.
You worshipped Sif Muna.
Sif Muna was most pleased with you.
You visited 16 branches of the dungeon, and saw 67 of its levels.
You also visited: Sewer, Ossuary, Ice Cave and Desolation.

You collected 14447 gold pieces.
You spent 7192 gold pieces at shops.

Inventory:

Hand Weapons
 q - a +9 dagger of protection
 I - the +4 staff of Dispater (weapon)
   (You took it off Dispater on level 7 of the Iron City of Dis)

   It can be evoked to hurl damnation at the cost of health and magic, with
   strength depending on Evocations skill.
Armour
 a - the +3 warlock's mirror (worn) {reflect}
   (You found it on level 1 of the Vaults)

   It can block and reflect piercing ranged attacks and magical attacks against
   the wielder's willpower.
 h - a +2 robe of positive energy
 l - a +0 helmet (worn)
 x - a +2 pair of boots of flying (worn)
 E - a +2 cloak of preservation (worn)
 L - the +1 pair of gloves of Defence (worn) {rCorr}
   (You bought it in a shop on level 6 of the Dungeon)

   rCorr:     It protects you from acid and corrosion.
 Z - the +4 skin of Zhor (worn) {*Englaciate rC+++ SInv}
   (You found it in an ice cave)

   It radiates cold, occasionally slowing all nearby creatures who are not
   resistant to cold.
   rC:        It renders you almost immune to cold.
   SInv:      It lets you see invisible.
Magical Staves
 w - a staff of earth
 K - a staff of cold
Jewellery
 g - the ring "Igonoerph" (right hand) {rN+ SInv}
   (You took it off a skeletal warrior on level 3 of the Crypt)

   [ring of positive energy]

   rN:        It protects you from negative energy.
   SInv:      It lets you see invisible.
 y - the ring "Dulasik" {rElec Will+ EV+4}
   (You took it off a deep elf demonologist on level 3 of the Elven Halls)

   [ring of evasion]

   EV:        It affects your evasion (+4).
   rElec:     It insulates you from electricity.
   Will:      It increases your willpower.
 z - the ring "Duculog" (left hand) {rF+ rN+ rCorr}
   (You found it on level 3 of the Tomb of the Ancients)

   [ring of protection from fire]

   rF:        It protects you from fire.
   rN:        It protects you from negative energy.
   rCorr:     It protects you from acid and corrosion.
 G - a ring of positive energy
 R - a ring of protection from fire
 T - the amulet of the Little Devil (around neck) {Reflect Regen+ Dex+2 SH+5}
   (You took it off a deep elf annihilator on level 3 of the Elven Halls)

   [amulet of reflection]

   It reflects blocked missile attacks.
   Dex:       It affects your dexterity (+2).
   Regen:     It increases your rate of health regeneration.
   SH:        It affects your SH (+5).
Wands
 p - a wand of quicksilver (29)
 D - a wand of charming (28)
 Q - a wand of digging (18)
 W - a wand of iceblast (38)
 Y - a wand of mindburst (74)
Scrolls
 f - 22 scrolls of teleportation
 j - 3 scrolls of fear
 m - 5 scrolls of blinking
 o - a scroll of summoning
 s - 9 scrolls of magic mapping
 v - 6 scrolls of immolation
 B - 10 scrolls of fog
 N - 4 scrolls of vulnerability
 O - 7 scrolls of poison
Potions
 b - 4 potions of ambrosia
 c - 5 potions of haste
 d - 32 potions of curing
 e - a potion of flight
 i - 7 potions of resistance
 k - 9 potions of cancellation
 n - 12 potions of attraction
 t - 7 potions of heal wounds
 u - 4 potions of magic
 F - 8 potions of brilliance
 H - 7 potions of invisibility
 J - a potion of mutation
Miscellaneous
 r - a box of beasts
 A - a phial of floods
 C - a lightning rod (4/4)
 M - a tin of tremorstones (2/2)
 S - the horn of Geryon
 U - a piece from Xom's chessboard (15/15)
 V - a phantom mirror
 X - a condenser vane


   Skills:
 - Level 8.9 Fighting
 + Level 12.4 Staves
 - Level 9.1 Ranged Weapons
 + Level 20.5 Dodging
 - Level 8.6 Stealth
 + Level 15.2 Shields
 + Level 24.8 Spellcasting
 - Level 14.3 Conjurations
 + Level 21.4 Hexes
 * Level 12.5 Summonings
 - Level 2.6 Necromancy
 * Level 18.4 Translocations
 - Level 15.7 Transmutations
 - Level 15.1 Ice Magic
 - Level 6.5 Air Magic
 + Level 23.4 Earth Magic
 - Level 13.4 Invocations
 + Level 18.6 Evocations


You had one spell level left.
You knew the following spells:

 Your Spells              Type           Power      Damage    Failure   Level
a - Borgnjor's Vile Clut  Necr/Erth      43%        N/A       1%          5
c - Disjunction           Tloc           50%        N/A       2%          8
i - Leda's Liquefaction   Hex/Erth       54%        N/A       0%          4
m - Malign Gateway        Summ/Tloc      47%        N/A       1%          7
n - Summon Guardian Gole  Hex/Summ       97%        N/A       0%          3
p - Discord               Hex            53%        N/A       1%          8
q - Shatter               Erth           55%        3d42*     5%          9
s - Lee's Rapid Deconstr  Erth           55%        3d27*     0%          5
w - Lehudib's Crystal Sp  Conj/Erth      50%        10d12     2%          8
x - Statue Form           Tmut/Erth      68%        N/A       1%          6
P - Enfeeble              Hex            53%        N/A       1%          7
Z - Passage of Golubria   Tloc           100%       N/A       0%          4

Your spell library contained the following spells:

 Spells                   Type           Power      Damage    Failure   Level
 Freeze                   Ice            100%       1d11      0%          1
 Magic Dart               Conj           100%       1d8       0%          1
 Sandblast                Erth           100%       2d20      0%          1
 Shock                    Conj/Air       100%       1d9       0%          1
 Slow                     Hex            100%       N/A       0%          1
 Foxfire                  Conj/Fire      100%       2x1d9     1%          1
 Necrotise                Necr           100%       1d9       1%          1
 Sting                    Tmut/Pois      100%       1d8       1%          1
 Blink                    Tloc           100%       N/A       0%          2
 Ensorcelled Hibernation  Hex/Ice        100%       N/A       0%          2
 Passwall                 Tmut/Erth      85%        N/A       0%          2
 Searing Ray              Conj           100%       2d8       0%          2
 Static Discharge         Conj/Air       80%        3-13/arc  0%          2
 Wereblood                Tmut           94%        N/A       0%          2
 Confusing Touch          Hex            100%       N/A       0%          3
 Dazzling Flash           Conj/Hex       100%       N/A       0%          3
 Frozen Ramparts          Ice            100%       1d16      0%          3
 Gell's Gravitas          Tloc           100%       N/A       0%          3
 Lesser Beckoning         Tloc           100%       N/A       0%          3
 Ozocubu's Armour         Ice            93%        N/A       0%          3
 Portal Projectile        Hex/Tloc       100%       N/A       0%          3
 Stone Arrow              Conj/Erth      100%       3d13      0%          3
 Teleport Other           Tloc           100%       N/A       0%          3
 Tukima's Dance           Hex            100%       N/A       0%          3
 Animate Armour           Summ/Erth      100%       N/A       0%          4
 Cause Fear               Hex            53%        N/A       0%          4
 Fulminant Prism          Conj/Hex       49%        3d21      0%          4
 Ice Form                 Ice/Tmut       94%        N/A       0%          4
 Iskenderun's Mystic Bla  Conj/Tloc      96%        2d19      0%          4
 Petrify                  Tmut/Erth      100%       N/A       0%          4
 Manifold Assault         Tloc           100%       N/A       0%          5
 Metabolic Englaciation   Hex/Ice        50%        N/A       0%          5
 Yara's Violent Unravell  Hex/Tmut       50%        3d19      0%          5
 Scorch                   Fire           76%        2d8       1%          2
 Sublimation of Blood     Necr           53%        N/A       1%          2
 Conjure Flame            Conj/Fire      70%        6-21      1%          3
 Ignite Poison            Fire/Tmut/Pois 63%        N/A       1%          3
 Inner Flame              Hex/Fire       81%        N/A       1%          3
 Mephitic Cloud           Conj/Pois/Air  69%        N/A       1%          3
 Spider Form              Tmut/Pois      72%        N/A       1%          3
 Swiftness                Air            68%        N/A       1%          3
 Vampiric Draining        Necr           53%        2d9       1%          3
 Anguish                  Hex/Necr       42%        N/A       1%          4
 Flame Wave               Conj/Fire      70%        2d16      1%          4
 Hailstorm                Conj/Ice       92%        3d18      1%          4
 Sticky Flame             Conj/Fire      70%        2d8       1%          4
 Summon Ice Beast         Ice/Summ       90%        N/A       1%          4
 Alistair's Intoxication  Tmut/Pois      48%        N/A       1%          5
 Blade Hands              Tmut           47%        N/A       1%          5
 Fireball                 Conj/Fire      35%        3d15      1%          5
 Freezing Cloud           Conj/Ice/Air   42%        6-21      1%          5
 Irradiate                Conj/Tmut      46%        3d27      1%          5
 Iskenderun's Battlesphe  Conj           91%        2d14      1%          5
 Lightning Bolt           Conj/Air       40%        1d59      1%          5
 Silence                  Hex/Air        45%        N/A       1%          5
 Summon Forest            Summ/Tloc      47%        N/A       1%          5
 Summon Mana Viper        Hex/Summ       97%        N/A       1%          5
 Conjure Ball Lightning   Conj/Air       40%        3x3d13    1%          6
 Dispersal                Tloc           50%        N/A       1%          6
 Iron Shot                Conj/Erth      50%        9d10      1%          6
 Dragon Form              Tmut           47%        N/A       1%          7
 Orb of Destruction       Conj           45%        9d12      1%          7
 Ozocubu's Refrigeration  Ice            46%        4d17      1%          7
 Animate Dead             Necr           53%        N/A       2%          4
 Corpse Rot               Necr/Pois/Air  55%        N/A       2%          4
 Dispel Undead            Necr           53%        3d19      2%          4
 Spellforged Servitor     Conj/Summ      44%        N/A       2%          7
 Simulacrum               Ice/Necr       38%        N/A       3%          6
 Summon Hydra             Summ           43%        N/A       3%          7
 Eringya's Noxious Bog    Tmut/Pois      36%        N/A       4%          6
 Starburst                Conj/Fire      35%        6d10      6%          6
 Olgreb's Toxic Radiance  Pois           38%        N/A       8%          4
 Haunt                    Necr/Summ      36%        N/A       30%         7
 Summon Horrible Things   Summ           43%        N/A       30%         8
 Death Channel            Necr           26%        N/A       38%         6
 Necromutation            Tmut/Necr      38%        N/A       75%         8
 Maxwell's Capacitive Co  Air            34%        ∞         98%         8
 Dragon's Call            Summ           43%        N/A       99%         9
 Borgnjor's Revivificati  Necr           26%        N/A       100%        8
 Ignition                 Fire           19%        3d7       100%        8
 Chain Lightning          Conj/Air       40%        3d53      100%        9
 Death's Door             Necr           26%        N/A       100%        9
 Fire Storm               Conj/Fire      35%        8d9       100%        9


Dungeon Overview and Level Annotations

Branches:
Dungeon (15/15)            Temple (1/1) D:5            Lair (5/5) D:9
  Swamp (4/4) Lair:3        Snake (4/4) Lair:2        Slime (5/5) Lair:4
    Orc (2/2) D:9             Elf (3/3) Orc:2        Vaults (5/5) D:14
  Crypt (3/3) Vaults:3       Tomb (3/3) Crypt:3      Depths (4/4) D:15
   Hell (visited)             Dis (7/7) Hell            Geh (0/7) Hell
    Coc (4/7) Hell            Tar (1/7) Hell            Zot (0/5) Depths:4
  Sewer (visited)         Ossuary (visited)           IceCv (visited)
Desolation (visited)

Altars:
Ashenzari
Cheibriados
Dithmenos
Elyvilon
Fedhas
Gozag
Hepliaklqana
Kikubaaqudgha
Makhleb
Nemelex Xobeh
Okawaru
Qazlal
Ru
Sif Muna
Trog
Uskayaw
Vehumet
Wu Jian
Xom
Yredelemnul
Zin
The Shining One
Jiyva

Shops:
D:6 [   D:12 =*=(   D:15 (   Orc:2 :(:**   Snake:1 [!((   Snake:2 [
Snake:3 :=:   Vaults:1 !   Depths:2 *   Depths:3 =

Portals:
Hell: Depths:1 Depths:2 Depths:3 Depths:4
Abyss: Depths:3
Pandemonium: Orc:2 Depths:2
Ziggurat: Depths:3
Trove: Vaults:2 (show slimy rune of Zot)

Annotations:
D:12 784
Slime:5 1 exclusion


Innate Abilities, Weirdness & Mutations

You are mostly covered in iridescent scales. (AC +4)
Armour fits poorly on your strangely shaped body.
You are strong-willed. (Will+)


Message History

The bolt of cold misses you.
A wendigo comes into view.
You can no longer call upon Sif Muna to cast any spell from your library.
The wendigo gestures.
The iron dragon simulacrum collapses into a mass of ice!
The mass of ice explodes!
The seracfall engulfs you!! You partially resist.
An elemental wellspring comes into view.
A dire elephant simulacrum comes into view.
You hear a shout!
I - the +4 staff of Dispater (weapon)
Aiming: Hurl Damnation
Press: ? - help, Shift-Dir - straight line, f - Ice Fiend
Aim: an Ice Fiend (freezing vapour, water, moderately wounded)
The sphere of damnation explodes!
The damnation engulfs the Ice Fiend!!!
The Ice Fiend is severely wounded.
You feel the staff feeding on your energy!
The Ice Fiend calls on the powers of darkness!
Your body is wracked with pain!
Aiming: Hurl Damnation
Press: ? - help, Shift-Dir - straight line, f/p - Ice Fiend
Aim: an Ice Fiend (water, severely wounded)
The sphere of damnation explodes!
The damnation engulfs the Ice Fiend!!!
You kill the Ice Fiend!
Sif Muna accepts your kill.
You feel the staff feeding on your energy!
A shard shrike simulacrum comes into view.
The tormentor calls on the powers of darkness!
Your body is wracked with pain!
* * * LOW HITPOINT WARNING * * *
Water spirits pour forth from the elemental wellspring!
The spriggan defender simulacrum hits you.
* * * LOW HITPOINT WARNING * * *
The spriggan defender simulacrum freezes you.
You resist.
* * * LOW HITPOINT WARNING * * *
The water elemental disappears in a puff of smoke!
The wendigo gestures.
The spriggan defender simulacrum collapses into a mass of ice!
The mass of ice explodes!
The seracfall engulfs you!!! You partially resist.
You die...

≈^~§ ...E
≈≈.~≈
##≈≈≈≈≈
###≈≈≈≈≈≈≈
#≈≈≈≈≈≈≈..
#≈≈≈≈≈≈≈#.
#≈@☼°≈≈Z..
#...#R.2..
#.^.# Z##
#....
#≈....
#######


You could see a wendigo, an elemental wellspring, a tormentor, a dire elephant
simulacrum and a shard shrike simulacrum.

Vanquished Creatures
  Dispater (Dis:7)
  3 dread liches
  Khufu (Tomb:3)
  An ancient lich (Crypt:3)
  Mennas (Vaults:2)
  16 royal mummies
  Josephina (Crypt:3)
  Vv (Crypt:3)
  Frederick (Vaults:5)
  5 shard shrikes
  Saint Roka (Vaults:2)
  Xtahua (Crypt:3)
  12 caustic shrikes
  A bone dragon (Crypt:3)
  6 iron giants
  A Tzitzimitl (Depths:2)
  5 tentacled monstrosities
  2 Ice Fiends
  11 Hell Sentinels
  Jorgrun (D:15)
  A tainted leviathan (Hell)
  6 liches
  7 titans
  A shard shrike skeleton (Tomb:2)
  3 deep elf blademasters
  A quicksilver dragon (Vaults:5)
  2 deep elf master archers (Elf:3)
  An eldritch tentacle (D:9)
  12 acid blobs
  33 ancient champions
  The ghost of Amikeex the Brawler, an adept TrMo of Nemelex Xobeh (Depths:3)
  7 shadow dragons
  5 sphinxes
  A thorn hunter (Swamp:4)
  7 azure jellies
  A storm dragon (Depths:4)
  Donald (Swamp:4)
  13 rockslimes
  4 nagarajas
  A fenstrider witch (Swamp:2)
  4 tengu reavers (Vaults:5)
  4 narguns
  3 revenants
  11 fire giants
  A draconian monk (Depths:4)
  Kirke (D:15)
  13 quicksilver elementals
  9 frost giants
  7 vault wardens
  7 deep elf sorcerers
  Louise (Swamp:4)
  An orc warlord (Vaults:1)
  3 balrugs
  2 angels (Elf:2)
  A draconian scorcher (Depths:4)
  A curse skull (Crypt:3)
  A ghoul (Crypt:2)
  A shard shrike simulacrum (Coc:3)
  13 ironbound preservers
  2 imperial myrmidons (Desolation)
  7 iron dragons
  7 quicksilver oozes
  7 reapers
  12 stone giants
  35 war gargoyles
  5 ironbound thunderhulks
  3 putrid mouths (Hell)
  8 vampire knights
  A juggernaut skeleton (Hell)
  14 very ugly things
  4 elemental wellsprings
  7 eleionomae
  3 bennus
  8 deep elf demonologists
  A lorocyproca (Hell)
  3 halazid warlocks (Desolation)
  4 wendigos
  A purple draconian (Depths:4)
  5 dire elephants
  A bunyip (Swamp:1)
  11 deep elf annihilators
  An entropy weaver (Vaults:5)
  2 red draconians (Depths:4)
  3 white draconians
  Snorg (D:11)
  9 eidola
  18 ettins
  3 spark wasps
  20 iron golems
  2 shambling mangroves
  7 deep elf death magi
  A crystal guardian (Desolation)
  5 jiangshi
  18 mummy priests
  6 deep elf high priests
  4 fire dragons
  8 ragged hierophants (Desolation)
  17 hydras
  4 salamander tyrants
  7 great orbs of eyes
  10 yaktaur captains
  7 rakshasas
  14 vault guards
  4 caustic shrike simulacra
  6 ice dragons
  3 servants of whispers (Desolation)
  8 boulder beetles
  A bennu zombie (Crypt:3)
  The ghost of NineInchNils the Frost Mage, a journeyman MfIE of Vehumet (D:12)
  10 peacekeepers (Desolation)
  12 centaur warriors
  4 ghost crabs
  6 anacondas
  An anaconda (shapeshifter) (Vaults:5)
  A catoblepas (Lair:3)
  8 naga warriors
  4 spriggan air magi
  7 ironbound frosthearts
  2 juggernaut simulacra
  7 alligators
  5 ogre magi
  2 demonspawn (Orc:2)
  20 dancing weapons
  27 death scarabs
  A deep troll earth mage (Depths:2)
  2 deep troll shamans
  2 death knights
  6 tengu warriors
  9 two-headed ogres
  8 vampire magi
  17 death yaks
  9 hell hogs (Hell)
  4 shock serpents
  10 orc high priests (Orc:2)
  3 spriggan berserkers
  7 soul eaters
  5 sun demons
  18 deep elf knights
  6 crystal echidnas
  A fire crab (Lair:5)
  Sonja (D:13)
  14 hell knights
  11 naga sharpshooters
  37 skeletal warriors
  A storm dragon skeleton (Crypt:3)
  3 quicksilver dragon simulacra
  8 iron trolls
  6 shadow wraiths
  7 salamander mystics
  2 sixfirhies (Swamp:4)
  4 anaconda zombies (Snake:4)
  6 goliath frogs
  7 bog bodies
  A sea snake (shapeshifter) (Vaults:5)
  2 shadow demons (Depths:2)
  5 spectral anacondas (Snake:4)
  39 deep trolls
  4 spriggan druids
  5 naga ritualists
  7 flayed ghosts
  2 swamp dragons (Swamp:3)
  7 glowing orange brains
  A fenstrider witch simulacrum (Coc:1)
  9 deep elf archers
  Pikel (D:5)
  4 anaconda skeletons (Snake:4)
  14 ironbound convokers
  5 lindwurms
  4 harpies (Vaults:2)
  4 necromancers
  A nameless horror (Crypt:2)
  22 ugly things
  5 wizards
  4 phantasmal warriors
  29 deep elf pyromancers
  32 deep elf zephyrmancers
  8 orc knights
  2 wolf spiders (Lair:1)
  8 orc sorcerers
  7 mana vipers
  12 salamanders
  A cyclops (shapeshifter) (Elf:2)
  6 shining eyes
  4 will-o-the-wisps
  3 cyclopes
  4 manticores
  6 ice statues
  18 naga magi
  An elephant (D:9)
  3 guardian serpents
  A rust devil (Orc:2)
  A titan simulacrum (Coc:2)
  32 black mambas
  A centaur zombie (Tomb:1)
  A dire elephant zombie (Hell)
  A torpor snail (Lair:1)
  6 orange demons (Swamp:4)
  3 smoke demons
  A storm dragon simulacrum (Coc:1)
  An unseen horror zombie (Crypt:2)
  16 vault sentinels
  4 eyes of devastation
  A shock serpent skeleton (Crypt:1)
  7 cane toads
  A kobold demonologist (D:12)
  The ghost of Quickbrownfox the Chiller, a novice DsIE (D:6)
  An unseen horror (D:11)
  6 hellions
  An unseen horror (shapeshifter) (Vaults:5)
  13 komodo dragons
  9 freezing wraiths
  8 rime drakes
  23 guardian mummies
  A tengu conjurer (D:12)
  A bunyip simulacrum (Hell)
  5 tormentors
  13 yaktaurs
  8 anaconda simulacra (Snake:4)
  2 catoblepas skeletons
  9 polar bears (Lair:5)
  A white draconian skeleton (Crypt:3)
  6 trolls
  2 bloated husks
  A polar bear (shapeshifter) (D:14)
  A death drake zombie (Crypt:3)
  10 tyrant leeches
  7 hornets
  A shadow dragon simulacrum (Hell)
  A satyr zombie (Crypt:1)
  A slime creature (shapeshifter) (Vaults:1)
  A tyrant leech (shapeshifter) (Depths:2)
  48 saltlings (Desolation)
  43 slime creatures
  30 blink frogs
  An iron dragon simulacrum (Coc:4)
  2 raiju (Lair:5)
  3 stone giant simulacra
  16 dream sheep
  4 air elementals
  An alligator zombie (Crypt:3)
  7 naga simulacra
  2 centaur simulacra
  31 flying skulls
  A spriggan (shapeshifter) (D:13)
  7 spriggans
  2 shadows
  22 ushabtiu
  A vampire (D:12)
  3 dire elephant simulacra
  2 water elementals (Elf:1)
  25 yaks
  An alligator skeleton (Crypt:1)
  5 wraiths
  7 wyverns
  A hog (shapeshifter) (Vaults:5)
  6 basilisks
  A satyr skeleton (Crypt:2)
  3 fire elementals (Elf:2)
  A black mamba skeleton (Tomb:1)
  8 golden eyes
  A minotaur simulacrum (Coc:2)
  3 hogs (D:15)
  16 vampire mosquitoes
  3 humans
  A steam dragon (D:10)
  A neqoxec (Orc:2)
  Menkaure (D:5)
  2 chaos spawn (Swamp:4)
  A faun zombie (Crypt:3)
  64 nagas
  14 swamp worms
  5 wargs
  7 harpy simulacra
  3 acid dragons
  2 naga skeletons
  2 hydra simulacra (Coc:3)
  16 water moccasins
  A floating eye (Depths:2)
  16 hell hounds
  36 orc warriors
  14 black bears
  3 ettin simulacra
  2 ice beasts (D:7)
  5 boggarts
  23 wolves
  9 ogres
  A snapping turtle skeleton (Crypt:1)
  12 centaurs
  A swamp dragon skeleton (Crypt:1)
  2 phantoms
  7 kobold brigands
  Blork the orc (D:5)
  9 bullfrogs
  7 earth elementals
  A salamander skeleton (Crypt:3)
  5 gnoll sergeants
  A scorpion (D:6)
  A spriggan zombie (Crypt:3)
  4 lindwurm simulacra (IceCv)
  21 killer bees
  A yak skeleton (Crypt:3)
  10 howler monkeys
  7 jellies
  2 hounds
  A centaur skeleton (Crypt:3)
  7 komodo dragon simulacra (IceCv)
  A basilisk zombie (Crypt:2)
  32 orc priests
  A human zombie (D:4)
  3 gnoll boudas
  2 iguanas
  17 orc wizards
  5 hell rats (Lair:5)
  A statue (D:5)
  A naga zombie (Crypt:2)
  48 mummies
  10 adders
  25 gnolls
  5 acid dragon simulacra (IceCv)
  A howler monkey skeleton (Crypt:2)
  7 river rats
  2 shadow imps
  A white imp (D:6)
  An ufetubus (D:5)
  5 steam dragon simulacra (IceCv)
  8 worms
  A dart slug (D:2)
  81 orcs
  11 bats
  10 endoplasms
  2 giant cockroaches
  2 gnoll zombies (Ossuary)
  3 goblins
  4 hobgoblins
  4 jackals (D:3)
  A jackal (shapeshifter) (Depths:2)
  3 quokkas
  10 ball pythons
  A ball python skeleton (Crypt:2)
  4 frilled lizards
  A goblin skeleton (Crypt:2)
  A goblin zombie (D:6)
  2 hobgoblin zombies (Ossuary)
  2 jackal skeletons
  26 kobolds
  2 kobold zombies (Ossuary)
  An orc skeleton (Crypt:2)
  2 orc zombies (Ossuary)
  A quokka zombie (D:6)
  13 rats
  A briar patch (Swamp:4)
  A bush (Lair:2)
  11 fire vortices
2447 creatures vanquished.

Vanquished Creatures (collateral kills)
  the Royal Jelly (Slime:5)
  An ancient lich (Vaults:5)
  2 juggernauts (Dis:7)
  Sojobo (Vaults:5)
  Boris (Crypt:3)
  5 royal mummies
  4 caustic shrikes
  A golden dragon (Depths:4)
  Geryon (Hell)
  3 iron giants
  2 Hell Sentinels
  2 liches
  2 titans
  9 acid blobs
  3 ancient champions
  4 sphinxes
  3 tengu reavers
  2 rockslimes (Slime:5)
  3 fenstrider witches (Swamp:4)
  A thorn hunter (Swamp:4)
  5 iron dragons
  6 azure jellies
  A revenant (Tomb:1)
  5 frost giants
  2 fire giants
  5 vault wardens
  A deep elf elementalist (Elf:3)
  8 ironbound preservers
  A draconian stormcaller (Depths:4)
  A ghoul (Crypt:2)
  17 very ugly things
  3 stone giants
  2 reapers
  A war gargoyle (Dis:7)
  2 bennus
  3 quicksilver oozes
  2 ironbound thunderhulks
  2 deep elf demonologists (Vaults:5)
  2 deep elf annihilators (Elf:3)
  4 dire elephants
  A red draconian (Depths:4)
  An entropy weaver (Vaults:5)
  8 iron golems
  3 eidola
  A blizzard demon (Swamp:4)
  4 mummy priests
  4 ettins
  A yaktaur captain (Vaults:2)
  3 servants of whispers (Desolation)
  4 great orbs of eyes
  21 vault guards
  A deep elf high priest (Elf:3)
  An anaconda (shapeshifter) (Vaults:5)
  A naga warrior (Snake:4)
  2 ironbound frosthearts
  An ogre mage (Swamp:4)
  27 death scarabs
  7 deep troll earth magi
  A deep troll shaman (Depths:2)
  A spriggan berserker (Swamp:4)
  Urug (D:10)
  A naga sharpshooter (Snake:4)
  A crystal echidna (Dis:7)
  15 hell knights
  3 soul eaters
  A shadow wraith (Depths:2)
  3 sun demons (Hell)
  A deep elf knight (Elf:3)
  A salamander mystic (Snake:4)
  7 skeletal warriors
  5 iron trolls
  A spriggan druid (Swamp:4)
  A swamp dragon (Swamp:1)
  30 deep trolls
  A bog body (Crypt:2)
  A glowing orange brain (Depths:2)
  6 necromancers
  A deep elf zephyrmancer (Elf:3)
  A wizard (Vaults:1)
  2 orc knights (Vaults:4)
  4 ironbound convokers
  A broodmother zombie (Crypt:2)
  3 deep elf pyromancers
  A faun (shapeshifter) (Vaults:5)
  12 ugly things
  A wolf spider (Vaults:5)
  An elephant (shapeshifter) (Vaults:5)
  A nameless horror (Tomb:3)
  A black mamba (Snake:4)
  3 vault sentinels
  A naga mage (Snake:4)
  A smoke demon (Hell)
  An eye of devastation (Slime:5)
  A guardian serpent (Desolation)
  A hellion (Dis:6)
  A demonic crawler (Hell)
  A tormentor (Dis:5)
  10 yaktaurs
  18 guardian mummies
  2 hellwings (Swamp:4)
  2 ice devils (Hell)
  A tyrant leech (Swamp:2)
  2 hornets
  5 saltlings (Desolation)
  A hydra skeleton (Hell)
  2 flying skulls (Tomb:1)
  55 slime creatures
  7 ushabtiu
  A neqoxec (Swamp:4)
  2 vampire mosquitoes (Swamp:2)
  A chaos spawn (Swamp:4)
  2 swamp worms (Swamp:4)
  A demonspawn zombie (Hell)
  2 harpy simulacra
  5 hell hounds (Hell)
  A naga skeleton (Hell)
  3 orc warriors
  A necrophage (Crypt:2)
  3 hell rats (Hell)
  20 mummies
  2 gnolls (D:6)
  2 orcs (Vaults:5)
  16 ball lightnings
502 creatures vanquished.

Vanquished Creatures (others)
  A juggernaut (Dis:7)
  A royal mummy (Tomb:1)
  3 caustic shrikes
  An acid blob (Slime:5)
  5 eldritch tentacles
  An azure jelly (Slime:5)
  A fire giant (Vaults:5)
  An imperial myrmidon (Desolation)
  5 very ugly things
  An ironbound preserver (Vaults:2)
  An orc warlord (Vaults:4)
  A quicksilver ooze (Slime:5)
  An eleionoma (Swamp:2)
  A stone giant (Depths:1)
  A bennu (Tomb:1)
  A bunyip (Swamp:3)
  A putrid mouth (Hell)
  A spark wasp (Depths:2)
  A mummy priest (Tomb:3)
  A ragged hierophant (Desolation)
  A great orb of eyes (Slime:5)
  A servant of whispers (Desolation)
  An ogre mage (Vaults:5)
  A deep troll shaman (Depths:4)
  3 hell hogs (Hell)
  2 death scarabs
  A deep troll earth mage (Vaults:5)
  A sun demon (Hell)
  3 hell knights
  5 skeletal warriors
  A shadow demon (Depths:2)
  6 deep trolls
  A wizard (Swamp:4)
  A necromancer (Hell)
  A spriggan simulacrum (Coc:4)
  An ugly thing (Depths:2)
  A deep elf pyromancer (Elf:3)
  A deep elf zephyrmancer (Swamp:4)
  A black mamba (Snake:2)
  A titan simulacrum (Coc:2)
  A tormentor (Dis:3)
  A bunyip simulacrum (Crypt:3)
  5 guardian mummies (Tomb:3)
  9 slime creatures
  An iron dragon simulacrum (Coc:4)
  A harpy simulacrum (Crypt:3)
  A naga (Snake:4)
  A hell hound (Hell)
  A necrophage (Crypt:2)
  2 hell rats (Hell)
  A mummy (Tomb:1)
  A gnoll (D:6)
  2 orcs (Vaults:2)
  A rat zombie (Crypt:3)
  177 ball lightnings
  A creeping inferno (Hell)
  A fire vortex (Vaults:5)
  10 foxfires
  41 fungi
  81 plants
  2 withered plants (D:12)
405 creatures vanquished.

Grand Total: 3354 creatures vanquished

Notes
Turn   | Place    | Note
-------+----------+-------------------------------------------
     0 | D:1      | mefisto the Deep Elf Ice Elementalist began the quest for
                  | the Orb.
     0 | D:1      | Reached XP level 1. HP: 10/10 MP: 6/6
   219 | D:1      | Found a faded altar of an unknown god.
   224 | D:1      | Got Plato's Meditations on Imprecation
   326 | D:1      | Reached XP level 2. HP: 14/15 MP: 2/8
   378 | D:1      | Got the Enchiridion on Poison
   775 | D:1      | Reached skill level 1 in Conjurations
  1323 | D:2      | Reached skill level 1 in Hexes
  1323 | D:2      | Reached XP level 3. HP: 19/19 MP: 4/9
  1327 | D:2      | Learned a level 3 spell: Frozen Ramparts
  1331 | D:2      | Learned a level 3 spell: Ozocubu's Armour
  1333 | D:2      | Learned a level 1 spell: Slow
  1716 | D:2      | Reached XP level 4. HP: 24/24 MP: 6/11
  2092 | D:2      | Found a bloodstained altar of Trog.
  2906 | D:3      | Reached XP level 5. HP: 28/28 MP: 12/12
  3270 | D:4      | Found a glowing drain.
  3278 | Sewer    | Entered a sewer
  3329 | Sewer    | Reached skill level 4 in Spellcasting
  3329 | Sewer    | Reached skill level 5 in Ice Magic
  3329 | Sewer    | Reached skill level 1 in Evocations
  3329 | Sewer    | Reached XP level 6. HP: 22/32 MP: 2/14
  3340 | Sewer    | Learned a level 4 spell: Hailstorm
  4143 | Sewer    | Reached XP level 7. HP: 36/36 MP: 10/15
  4664 | D:4      | Found a runed translucent door.
  4664 | D:4      | Noticed a human
  4671 | D:4      | Found a basalt altar of Yredelemnul.
  5300 | D:4      | Killed a human
  5430 | D:5      | Entered Level 5 of the Dungeon
  5443 | D:5      | Noticed Blork the orc
  5449 | D:5      | Killed Blork the orc
  5450 | D:5      | Reached skill level 5 in Spellcasting
  5525 | D:5      | Noticed Menkaure
  5528 | D:5      | Killed Menkaure
  5529 | D:5      | Reached skill level 5 in Conjurations
  5529 | D:5      | Reached XP level 8. HP: 41/41 MP: 8/17
  5586 | D:5      | Found a staircase to the Ecumenical Temple.
  5595 | Temple   | Entered the Ecumenical Temple
  5703 | D:5      | Reached skill level 5 in Stealth
  5851 | D:5      | Found a radiant altar of Vehumet.
  5910 | D:5      | Noticed Pikel
  5923 | D:5      | Killed Pikel
  5924 | D:5      | Reached skill level 5 in Dodging
  5924 | D:5      | Reached skill level 6 in Spellcasting
  5924 | D:5      | Reached skill level 5 in Hexes
  6073 | D:5      | Found a shimmering altar of Xom.
  6458 | D:5      | Learned a level 3 spell: Dazzling Flash
  6505 | D:6      | Found Sotrej's Antique Armour Boutique.
  6519 | D:6      | Found a sand-covered staircase.
  6530 | Ossuary  | Entered an ossuary
  7247 | D:6      | Bought a pair of slimy gloves for 247 gold pieces
  7247 | D:6      | Identified the +1 pair of gloves of Defence {rCorr} (You
                  | bought it in a shop on level 6 of the Dungeon)
  7252 | D:6      | Bought an embroidered cloak for 195 gold pieces
  7654 | D:6      | Reached XP level 9. HP: 37/45 MP: 14/20
  7657 | D:6      | Reached skill level 1 in Translocations
  7801 | D:6      | Found a transporter.
  7826 | D:6      | Noticed Quickbrownfox's ghost (novice DsIE)
  7838 | D:6      | Found a transporter.
  7839 | D:6      | Identified the +9 spear of Fate {vamp, rPois rCorr}
  7839 | D:6      | Identified the +1 ring mail of Untold Secrets {rC+}
  8388 | D:7      | Reached skill level 7 in Spellcasting
  8830 | D:7      | Learned a level 4 spell: Iskenderun's Mystic Blast
  9513 | D:7      | Reached skill level 1 in Ranged Weapons
  9984 | D:8      | Found a broken altar of Ashenzari.
 10145 | D:8      | You fall into a shaft and drop 3 floors!
 10158 | D:11     | Reached skill level 1 in Fighting
 10182 | D:10     | Entered Level 10 of the Dungeon
 10545 | D:8      | Reached XP level 10. HP: 47/52 MP: 14/23
 10851 | D:8      | Found an opulent altar of Gozag.
 11044 | D:9      | Found a staircase to the Lair.
 11044 | D:9      | Noticed an elephant
 11050 | D:9      | Killed an elephant
 11051 | D:9      | Reached skill level 8 in Spellcasting
 11870 | D:9      | Found a staircase to the Orcish Mines.
 12011 | D:9      | Found a shadowy altar of Dithmenos.
 12294 | D:9      | Found a hide-covered altar of Uskayaw.
 12294 | D:9      | Found a shimmering blue altar of Sif Muna.
 12297 | D:9      | Became a worshipper of Sif Muna the Loreminder
 12541 | D:10     | Reached skill level 5 in Evocations
 12567 | D:10     | Reached skill level 1 in Invocations
 12594 | D:10     | Noticed a two-headed ogre
 12602 | D:10     | Noticed Urug
 12604 | D:10     | Killed a two-headed ogre
 12606 | D:10     | Reached skill level 9 in Spellcasting
 12785 | D:10     | Killed Urug
 12786 | D:10     | Reached XP level 11. HP: 56/57 MP: 19/26
 12846 | D:10     | Reached * piety under Sif Muna
 12976 | D:10     | Noticed a sea snake
 13080 | D:10     | Noticed a sea snake
 13312 | D:10     | Noticed a sea snake
 13312 | D:10     | Noticed a sea snake
 13709 | D:6      | Bought a pair of glowing boots for 195 gold pieces
 13764 | D:6      | Killed Quickbrownfox's ghost
 14087 | D:6      | Learned a level 4 spell: Cause Fear
 14282 | Lair:1   | Entered Level 1 of the Lair of Beasts
 14321 | Lair:1   | Noticed a death yak
 14322 | Lair:1   | Noticed a death yak
 14322 | Lair:1   | Noticed a death yak
 14323 | Lair:1   | Noticed a death yak
 14323 | Lair:1   | Noticed a death yak
 14325 | Lair:1   | Killed a death yak
 14326 | Lair:1   | Reached skill level 1 in Earth Magic
 14326 | Lair:1   | Killed a death yak
 14327 | Lair:1   | Killed a death yak
 14327 | Lair:1   | Killed a death yak
 14327 | Lair:1   | Killed a death yak
 14328 | Lair:1   | Reached skill level 10 in Spellcasting
 14584 | Lair:1   | Noticed a wolf spider
 14595 | Lair:1   | Noticed a wolf spider
 14596 | Lair:1   | Killed a wolf spider
 14613 | Lair:1   | Killed a wolf spider
 14988 | Lair:1   | Reached XP level 12. HP: 61/64 MP: 21/28
 14991 | Lair:1   | Reached ** piety under Sif Muna
 15387 | Lair:2   | Noticed a seven-headed hydra
 15429 | Lair:2   | Reached skill level 5 in Ranged Weapons
 15429 | Lair:2   | Reached skill level 5 in Translocations
 15872 | Lair:2   | Reached skill level 5 in Invocations
 16688 | Lair:2   | Found a staircase to the Snake Pit.
 16718 | Lair:2   | Killed a seven-headed hydra
 16719 | Lair:2   | Reached skill level 11 in Spellcasting
 17648 | Lair:3   | Noticed a boulder beetle
 17772 | Lair:3   | Noticed a catoblepas
 17810 | Lair:3   | Killed a catoblepas
 17897 | Lair:3   | Reached skill level 5 in Earth Magic
 18225 | Lair:3   | Found a staircase to the Swamp.
 18597 | Lair:3   | Learned a level 2 spell: Ensorcelled Hibernation
 18608 | Lair:3   | Reached *** piety under Sif Muna
 19257 | Lair:3   | Killed a boulder beetle
 19409 | Lair:4   | Reached XP level 13. HP: 70/70 MP: 25/30
 19682 | Lair:4   | Found a viscous altar of Jiyva.
 19682 | Lair:4   | Found a staircase to the Slime Pits.
 19767 | Lair:4   | Reached **** piety under Sif Muna
 20133 | Lair:4   | You fall into a shaft and drop 1 floor!
 20133 | Lair:5   | Entered Level 5 of the Lair of Beasts
 20147 | Lair:5   | Reached skill level 12 in Spellcasting
 20879 | Lair:4   | Reached skill level 10 in Conjurations
 20887 | Lair:4   | Reached skill level 10 in Ice Magic
 21040 | Lair:4   | Learned a level 5 spell: Freezing Cloud
 21072 | Lair:5   | Reached ***** piety under Sif Muna
 21160 | Lair:5   | Reached skill level 1 in Air Magic
 21412 | Lair:5   | Received a gift from Sif Muna
 21456 | Lair:5   | Reached XP level 14. HP: 64/76 MP: 15/32
 21705 | Lair:5   | Reached skill level 10 in Hexes
 22019 | Lair:5   | Reached skill level 13 in Spellcasting
 23748 | Orc:1    | Entered Level 1 of the Orcish Mines
 23751 | Orc:1    | Received a gift from Sif Muna
 23886 | Orc:1    | Got Sif Muna's Incunable of Bolts and Flames {god gift}
 23891 | Orc:1    | Learned a level 3 spell: Mephitic Cloud
 23895 | Orc:1    | Learned a level 3 spell: Ignite Poison
 24046 | Orc:2    | Entered Level 2 of the Orcish Mines
 24766 | Orc:2    | Found a staircase to the Elven Halls.
 25537 | Orc:2    | Reached skill level 5 in Fighting
 25695 | Orc:2    | Found Diastrutz's Self-Improvement Boutique.
 25717 | Orc:2    | Found a burning altar of Makhleb.
 25757 | Orc:2    | Found Fazuzug's General Store.
 25805 | Orc:2    | Received a gift from Sif Muna
 25806 | Orc:2    | Got Teass's Tractate on Lethal Displacement {god gift}
 26031 | Orc:2    | Found Vynoicilia's General Store.
 26164 | Orc:2    | Bought a potion of heal wounds for 70 gold pieces
 26164 | Orc:2    | Bought a scroll of immolation for 56 gold pieces
 26166 | Orc:2    | Bought a scroll of fog for 60 gold pieces
 26166 | Orc:2    | Bought a potion of heal wounds for 75 gold pieces
 26320 | Orc:2    | HP: 1/78 [cloud of freezing vapour (29)]
 26613 | Orc:2    | Paralysed by an orc sorcerer for 2 turns
 26922 | Orc:2    | Reached skill level 14 in Spellcasting
 27107 | Orc:2    | Reached XP level 15. HP: 53/82 MP: 3/35
 27139 | Orc:2    | Reached skill level 10 in Dodging
 27267 | Orc:2    | Found Nablisuy's Antique Weapon Emporium.
 27267 | Orc:2    | Found Ahefes's Book Shoppe.
 27268 | Orc:2    | Found a one-way gate leading to the halls of Pandemonium.
 27270 | Orc:2    | Bought a pitted dagger for 196 gold pieces
 27270 | Orc:2    | Identified the +9 dagger of Pride {freeze, Will+} (You
                  | bought it in a shop on level 2 of the Orcish Mines)
 27362 | Orc:2    | Bought a manual of Transmutations for 1200 gold pieces
 27953 | D:11     | Noticed Snorg
 27958 | D:11     | Killed Snorg
 28948 | D:12     | Found Xaomuruq's General Store.
 28962 | D:12     | Found Kyam Biu's Jewellery Boutique.
 28966 | D:12     | Found a runed translucent door.
 28966 | D:12     | Noticed NineInchNils's ghost (journeyman MfIE)
 29146 | D:12     | Found Mynkeh's Jewellery Emporium.
 29207 | D:12     | Found Liddupuixe's Antique Weapon Boutique.
 29346 | D:12     | Received a gift from Sif Muna
 29366 | D:12     | Got Ohaetiss's Octavo of Blows and Bruises and the Caves
                  | {god gift}
 30082 | D:12     | Killed NineInchNils's ghost
 30162 | D:12     | Identified the +11 shortbow of Omuurr {vorpal, rC+ rCorr
                  | Str+2}
 30225 | D:13     | Noticed Sonja
 30228 | D:13     | Killed Sonja
 30275 | D:13     | Found a frozen archway.
 30313 | IceCv    | Entered an ice cave
 30335 | IceCv    | Learned a level 5 spell: Lee's Rapid Deconstruction
 30740 | IceCv    | Found the +4 skin of Zhor {*Englaciate rC+++ SInv}
 30746 | IceCv    | Reached skill level 10 in Invocations
 31270 | IceCv    | Reached XP level 16. HP: 88/88 MP: 36/36
 31668 | D:13     | Found a broken altar of Ashenzari.
 33072 | D:14     | Received a gift from Sif Muna
 33128 | D:14     | Reached skill level 5 in Air Magic
 33252 | D:14     | Found a gate to the Vaults.
 33599 | D:14     | Reached skill level 15 in Spellcasting
 34250 | D:15     | Entered Level 15 of the Dungeon
 34289 | D:15     | Noticed Jorgrun
 34754 | D:15     | Found Meig's Weapon Boutique.
 35164 | D:15     | Found a staircase to the Depths.
 35490 | D:15     | Killed Jorgrun
 35491 | D:15     | Reached skill level 15 in Hexes
 35491 | D:15     | Reached XP level 17. HP: 75/93 MP: 4/38
 35673 | D:15     | Noticed Kirke
 35688 | D:15     | Killed Kirke
 36231 | D:12     | Bought the ring "Emud" {rPois Str+6 Int+6} for 598 gold
                  | pieces
 36313 | D:9      | Learned a level 7 spell: Ozocubu's Refrigeration
 36320 | D:9      | Learned a level 5 spell: Borgnjor's Vile Clutch
 36366 | Snake:1  | Entered Level 1 of the Snake Pit
 36400 | Snake:1  | Reached skill level 1 in Transmutations
 36543 | Snake:1  | Reached skill level 10 in Earth Magic
 36699 | Snake:1  | Found a shimmering altar of Xom.
 36778 | Snake:1  | Found Zixereog's Weapon Emporium.
 36778 | Snake:1  | Found Xyubij's Armour Shoppe.
 36779 | Snake:1  | Found Bolohouj's Distillery.
 36849 | Snake:1  | Bought a potion of brilliance for 56 gold pieces
 36849 | Snake:1  | Found Roff's Antique Weapon Emporium.
 37122 | Snake:1  | Identified the +6 whip "Keamoum" {drain, Drain rPois rC-
                  | Dex+8}
 38332 | Snake:1  | Found a shimmering altar of Xom.
 38407 | Snake:1  | Found Zixereog's Weapon Emporium.
 38407 | Snake:1  | Found Xyubij's Armour Shoppe.
 38408 | Snake:1  | Found Bolohouj's Distillery.
 38410 | Snake:1  | Found Roff's Antique Weapon Emporium.
 39135 | Snake:2  | Found Fegeluav's Antique Armour Shop.
 39712 | Snake:3  | Identified the +10 rapier of the Changing Shark {spect,
                  | Dex+4}
 39967 | Snake:3  | Identified the +0 scale mail "Atov" {Will+ Int+7 Dex-2}
 40063 | Snake:3  | Received a gift from Sif Muna
 40064 | Snake:3  | Got Sif Muna's Reference Book on Striking and Malediction
                  | {god gift}
 40071 | Snake:3  | Learned a level 4 spell: Leda's Liquefaction
 41260 | Snake:3  | Found Rygin's Jewellery Emporium.
 41261 | Snake:3  | Found Gitah's Book Shop.
 41261 | Snake:3  | Found Zewoacop's Book Shop.
 41285 | Snake:4  | Entered Level 4 of the Snake Pit
 41365 | Snake:4  | Reached skill level 10 in Evocations
 41926 | Snake:4  | Reached skill level 5 in Transmutations
 42394 | Snake:4  | Reached XP level 18. HP: 66/96 MP: 7/39
 42957 | Snake:4  | Received a gift from Sif Muna
 43011 | Snake:4  | Got Sif Muna's Essays on Bewitchment and Variation {god
                  | gift}
 43024 | Snake:4  | Learned a level 8 spell: Discord
 43030 | Snake:4  | Learned a level 4 spell: Ice Form
 43501 | Snake:4  | Reached skill level 16 in Spellcasting
 43787 | Snake:4  | Got a serpentine rune of Zot
 43951 | Snake:4  | Found a burning altar of Makhleb.
 44540 | Swamp:1  | Entered Level 1 of the Swamp
 44667 | Snake:1  | Bought a potion of experience for 700 gold pieces
 44667 | Snake:1  | Reached skill level 10 in Transmutations
 44667 | Snake:1  | Reached XP level 19. HP: 105/105 MP: 41/41
 46089 | Swamp:2  | Paralysed by a fenstrider witch for 5 turns
 49007 | Swamp:4  | Entered Level 4 of the Swamp
 49038 | Swamp:4  | Noticed Donald
 49047 | Swamp:4  | Killed Donald
 49882 | Swamp:4  | Reached XP level 20. HP: 60/111 MP: 31/42
 50218 | Swamp:4  | Got a decaying rune of Zot
 50457 | Swamp:4  | Noticed Louise
 50467 | Swamp:4  | Killed Louise
 51606 | Elf:1    | Entered Level 1 of the Elven Halls
 52696 | Elf:1    | Got Cerebov's Directory of Concussion
 54269 | Elf:2    | Found a crumbling gateway.
 54287 | Elf:2    | Found a glowing golden altar of the Shining One.
 54287 | Elf:2    | Found a white marble altar of Elyvilon.
 54287 | Elf:2    | Found a glowing silver altar of Zin.
 54340 | Desolati | Entered the Desolation of Salt
 54959 | Desolati | Received a gift from Sif Muna
 54960 | Desolati | Got Sif Muna's Folio of Numb Transfiguration {god gift}
 54969 | Desolati | Learned a level 6 spell: Statue Form
 55059 | Desolati | Reached skill level 15 in Earth Magic
 55416 | Desolati | Learned a level 5 spell: Irradiate
 55992 | Desolati | Identified the +6 spear of Teseilij {flame, rC+}
 56236 | Desolati | Reached skill level 17 in Spellcasting
 56714 | Desolati | Identified the +11 spear "Fehur" {vamp, +Blink MP+9 Str+2}
 56718 | Desolati | Identified the +2 robe of the Camelopard {rC+}
 57475 | Elf:2    | Paralysed by an air elemental for 1 turns
 58032 | D:9      | Learned a level 7 spell: Dragon Form
 58385 | Elf:2    | Found a runed translucent gate.
 58386 | Elf:2    | Found a runed translucent gate.
 58386 | Elf:2    | Found a runed translucent gate.
 58621 | Elf:2    | Reached XP level 21. HP: 71/117 MP: 5/44
 59248 | Elf:3    | Entered Level 3 of the Elven Halls
 61126 | Elf:3    | Identified the +3 arbalest of Hefol {vorpal, Contam Int+5
                  | Stlth+}
 61133 | Elf:3    | Received a gift from Sif Muna
 61155 | Elf:3    | Identified the +11 plate armour of Dithmenos's Regard
                  | {Dex+6}
 61891 | Elf:3    | Identified the ring of Caustan {rElec Will+ Str+2 Dex+6
                  | Stlth-}
 61896 | Elf:3    | Identified the ring "Dulasik" {rElec Will+ EV+4}
 61906 | Elf:3    | Identified the +1 rapier "Conservator" {venom, Str+2}
 61910 | Elf:3    | Identified the amulet of the Little Devil {Reflect Regen+
                  | Dex+2 SH+5}
 62297 | Elf:3    | Got Sif Muna's Exposition on the Petrified Blaze {god gift}
 62299 | Elf:3    | Gained mutation: Your natural rate of healing is unusually
                  | fast. [potion of mutation]
 62299 | Elf:3    | Gained mutation: You are partially covered in iridescent
                  | scales. (AC +2) [potion of mutation]
 62622 | Elf:3    | Got the Opusculum on Hoarfrost
 62846 | D:9      | Learned a level 6 spell: Conjure Ball Lightning
 62949 | Vaults:1 | Entered Level 1 of the Vaults
 63191 | Vaults:1 | Identified the +6 quarterstaff "Turac" {venom, rC+}
 63199 | Vaults:1 | Found Zuery's Distillery.
 63247 | Vaults:1 | Bought a potion of heal wounds for 60 gold pieces
 63247 | Vaults:1 | Bought a potion of magic for 96 gold pieces
 63805 | Vaults:1 | Found the +3 warlock's mirror {reflect}
 64554 | Vaults:1 | Reached skill level 15 in Transmutations
 65553 | Vaults:2 | Reached XP level 22. HP: 117/124 MP: 31/45
 65721 | Vaults:2 | Noticed Mennas
 65797 | Vaults:2 | Killed Mennas
 66120 | Vaults:2 | Found a portal to a secret trove of treasure.
 67232 | Orc:2    | Bought a manual of Shields for 1200 gold pieces
 67319 | D:9      | Reached skill level 5 in Shields
 67319 | D:9      | Reached XP level 23. HP: 128/128 MP: 46/46
 67996 | Vaults:2 | Reached skill level 1 in Necromancy
 68095 | Vaults:2 | Reached skill level 18 in Spellcasting
 68979 | Vaults:2 | Noticed Saint Roka
 68991 | Vaults:2 | Killed Saint Roka
 70245 | Vaults:3 | Found a staircase to the Crypt.
 70245 | Vaults:3 | Found an ancient bone altar of Kikubaaqudgha.
 70246 | Vaults:3 | Found a basalt altar of Yredelemnul.
 71008 | Vaults:4 | Reached skill level 19 in Spellcasting
 71008 | Vaults:4 | Reached XP level 24. HP: 134/134 MP: 47/48
 71277 | Vaults:4 | Received a gift from Sif Muna
 71362 | Vaults:4 | Learned a level 2 spell: Blink
 71371 | Vaults:4 | Learned a level 8 spell: Lehudib's Crystal Spear
 71384 | Vaults:4 | Gained mutation: Your magical capacity is low. (-10% MP)
                  | [mutagenic glow]
 71571 | Vaults:4 | Reached skill level 15 in Ice Magic
 72272 | Vaults:4 | Identified the +0 chain mail of the Devil's Advocate {Harm
                  | rCorr Str+5 Dex-3}
 72732 | Vaults:5 | Entered Level 5 of the Vaults
 72746 | Vaults:5 | Received a gift from Sif Muna
 72747 | Vaults:5 | Got Sif Muna's Guidebook on Coarse Interference {god gift}
 73310 | Vaults:5 | Reached XP level 25. HP: 138/138 MP: 19/44
 73580 | Vaults:5 | Noticed Sojobo
 73582 | Vaults:5 | Noticed an ancient lich
 73584 | Vaults:5 | Killed Sojobo
 73585 | Vaults:5 | Killed an ancient lich
 73590 | Vaults:5 | Reached skill level 20 in Spellcasting
 73593 | Vaults:5 | Noticed Frederick
 73869 | Vaults:5 | Reached skill level 15 in Dodging
 73869 | Vaults:5 | Killed Frederick
 73988 | Vaults:5 | Noticed a dread lich
 74098 | Vaults:5 | Killed a dread lich
 74277 | Vaults:5 | Noticed a dread lich
 74429 | Vaults:5 | Reached skill level 10 in Translocations
 74434 | Vaults:4 | Killed a dread lich
 74751 | Vaults:5 | Identified the ring "Fokkielu" {Will+ rCorr Dex-4 SInv}
 75254 | Vaults:5 | Got the Almanac of Gusts
 75519 | Vaults:5 | Got a silver rune of Zot
 76567 | D:9      | Learned a level 4 spell: Passage of Golubria
 76677 | Depths:1 | Entered Level 1 of the Depths
 76885 | D:15     | Gained mutation: You are frail. (-10% HP) [mutagenic glow]
 77080 | D:9      | Lost mutation: Your magical capacity is low. (-10% MP)
                  | [potion of mutation]
 77080 | D:9      | Lost mutation: Your natural rate of healing is unusually
                  | fast. [potion of mutation]
 77080 | D:9      | Lost mutation: You are partially covered in iridescent
                  | scales. (AC +2) [potion of mutation]
 77080 | D:9      | Gained mutation: You are partially covered in iridescent
                  | scales. (AC +2) [potion of mutation]
 77080 | D:9      | Gained mutation: You are clumsy. (Dex -2) [potion of
                  | mutation]
 77080 | D:9      | Gained mutation: Your flesh is cold resistant. (rC+)
                  | [potion of mutation]
 77081 | D:9      | Lost mutation: You are partially covered in iridescent
                  | scales. (AC +2) [potion of mutation]
 77081 | D:9      | Lost mutation: Your flesh is cold resistant. (rC+) [potion
                  | of mutation]
 77081 | D:9      | Lost mutation: You are clumsy. (Dex -2) [potion of
                  | mutation]
 77081 | D:9      | Gained mutation: You are weak. (Str -2) [potion of
                  | mutation]
 77081 | D:9      | Gained mutation: You sometimes lose your temper in combat.
                  | [potion of mutation]
 77082 | D:9      | Lost mutation: You are frail. (-10% HP) [potion of
                  | mutation]
 77082 | D:9      | Lost mutation: You sometimes lose your temper in combat.
                  | [potion of mutation]
 77082 | D:9      | Gained mutation: You are partially covered in iridescent
                  | scales. (AC +2) [potion of mutation]
 77082 | D:9      | Gained mutation: You are strong-willed. (Will+) [potion of
                  | mutation]
 78115 | Depths:1 | Reached skill level 10 in Shields
 78240 | Depths:1 | Identified the +3 dagger "Yqaed" {drain, rElec Str+2 SInv
                  | Stlth+}
 78616 | Depths:1 | Reached XP level 26. HP: 144/144 MP: 35/49
 78701 | Depths:1 | Found a gateway to Hell.
 79718 | Depths:2 | Reached skill level 21 in Spellcasting
 80227 | Depths:2 | Found Luviorgha's Elemental Accessories.
 80483 | Depths:2 | Identified the +1 shadow dragon scales "Haogy" {*Slow Fly
                  | Int+2 Slay+3 Stlth++++}
 80777 | Depths:2 | Found a shadowy altar of Dithmenos.
 81744 | Depths:3 | Received a gift from Sif Muna
 81756 | Depths:3 | Learned a level 7 spell: Enfeeble
 81860 | Depths:3 | Reached skill level 15 in Evocations
 82071 | Depths:3 | Found a one-way gateway to a ziggurat.
 82277 | Depths:3 | Found a glowing golden altar of the Shining One.
 82497 | Depths:3 | Found Etiomy's One-of-a-Kind Rings.
 82552 | Depths:3 | Bought a +9 ring of intelligence for 1404 gold pieces
 82704 | Depths:3 | Found a one-way gate to the infinite horrors of the Abyss.
 82889 | Depths:3 | Found a transporter.
 82891 | Depths:3 | Noticed Amikeex's ghost (adept TrMo)
 82894 | Depths:3 | Identified the +7 great mace "Duhiof" {antimagic, rPois
                  | rN+++ Str-3 Int-5}
 83042 | Depths:3 | Found a transporter.
 83536 | Depths:3 | Killed Amikeex's ghost
 83617 | Depths:3 | Identified the +0 pair of boots "Ted Yhuh" {Rampage Stlth+}
 83618 | Depths:3 | Identified the +0 robe of the Good {-Tele Rampage rElec
                  | Int+3}
 83628 | Depths:3 | Identified the +1 cloak of Dylisot {rCorr}
 83629 | Depths:3 | Identified the +2 dire flail of Earthquakes {vorpal, +Blink
                  | rElec rF+ Str+5}
 83696 | Depths:4 | Entered Level 4 of the Depths
 83940 | Depths:4 | Identified the +7 glaive "Ufuatouz" {freeze, rF++ rN+ Dex-5
                  | SInv}
 84431 | Depths:4 | Found a gate to the Realm of Zot.
 85772 | Hell     | Entered the Vestibule of Hell
 85772 | Hell     | Noticed Geryon
 85780 | Hell     | Killed Geryon
 86035 | Depths:4 | Learned a level 9 spell: Shatter
 86193 | Hell     | Reached XP level 27. HP: 146/148 MP: 25/50
 86457 | Hell     | Reached skill level 22 in Spellcasting
 87583 | Hell     | Found a gateway to the decaying netherworld of Tartarus.
 87676 | Hell     | Found a gateway to the freezing wastes of Cocytus.
 87741 | Hell     | Found a gateway to the Iron City of Dis.
 87796 | Hell     | Found a gateway to the ashen valley of Gehenna.
 88321 | D:12     | Bought the ring "Nuorheil" {*Slow rElec AC+4 Str+4 Int+6}
                  | for 784 gold pieces
 88486 | Slime:1  | Entered Level 1 of the Pits of Slime
 89004 | Slime:1  | Received a gift from Sif Muna
 89005 | Slime:1  | Got Sif Muna's Directory of Distorted Excavation {god gift}
 89015 | Slime:1  | Learned a level 7 spell: Spellforged Servitor
 89205 | Slime:1  | Learned a level 4 spell: Cause Fear
 89970 | Slime:3  | Reached skill level 1 in Summonings
 90622 | Slime:2  | Gained mutation: Armour fits poorly on your strangely
                  | shaped body. [a shining eye]
 90794 | Slime:3  | Learned a level 3 spell: Summon Guardian Golem
 90797 | Slime:3  | Learned a level 2 spell: Blink
 91066 | Slime:2  | You fall into a shaft and drop 1 floor!
 92293 | Slime:5  | Entered Level 5 of the Pits of Slime
 92465 | Slime:5  | Gained mutation: Your magical capacity is low. (-10% MP) [a
                  | shining eye]
 92866 | Slime:5  | Noticed the Royal Jelly
 92870 | Slime:5  | Killed the Royal Jelly
 93191 | Slime:5  | Identified the +2 scale mail of Shielding {rF- rC+ rN++}
 93194 | Slime:5  | Got a slimy rune of Zot
 93215 | Slime:5  | Identified the +1 long sword "Ahyor" {drain, *Slow Fly
                  | rC+++ Will+}
 93227 | Slime:5  | Identified the +10 gold dragon scales of Gonoi {Drain rElec
                  | rPois rF+ rC+ Int+4 Dex+3 SInv}
 93309 | Slime:5  | Identified the +5 broad axe "Mifiqargh" {vorpal, Contam
                  | rElec Int+5 Stlth+}
 94189 | Crypt:1  | Entered Level 1 of the Crypt
 94298 | Vaults:3 | Learned a level 9 spell: Shatter
 95234 | Crypt:1  | Found an ancient bone altar of Kikubaaqudgha.
 95530 | Crypt:1  | Identified the +7 falchion of Truncation {venom, rN+}
 95637 | Vaults:3 | Learned a level 8 spell: Disjunction
 95907 | Crypt:2  | Reached skill level 1 in Staves
 96080 | Crypt:2  | Found an ancient bone altar of Kikubaaqudgha.
 97937 | Crypt:3  | Entered Level 3 of the Crypt
 97942 | Crypt:3  | Noticed Vv
 97942 | Crypt:3  | Noticed Boris
 97945 | Crypt:3  | Killed Vv
 97946 | Crypt:3  | Reached skill level 5 in Summonings
 97946 | Crypt:3  | Killed Boris
 97958 | Crypt:3  | Identified the ring "Ryhej" {Ice Int+4}
 97958 | Crypt:3  | Noticed Josephina
 97964 | Crypt:3  | Noticed Xtahua
 97979 | Crypt:3  | Killed Josephina
 97980 | Crypt:3  | Killed Xtahua
 98098 | Crypt:3  | Reached skill level 23 in Spellcasting
 99070 | Crypt:3  | Identified the ring "Igonoerph" {rN+ SInv}
 99687 | Crypt:3  | Found a staircase to the Tomb.
100359 | Crypt:3  | Noticed an ancient lich
100389 | Crypt:3  | Killed an ancient lich
100390 | Crypt:3  | Reached skill level 5 in Staves
100423 | Crypt:3  | Noticed a dread lich
100428 | Crypt:3  | Killed a dread lich
100531 | Crypt:3  | Got Khufu's Essays on Exhumation
100536 | Crypt:3  | Identified the +7 hand axe of Linearity {venom, Int+2}
100539 | Crypt:3  | Identified the amulet "Lile" {Regen+ Str+2}
100543 | Crypt:3  | Identified the +8 short sword of Benunip {protect, Str+4
                  | Dex+4 SInv Stlth-}
100636 | Tomb:1   | Entered Level 1 of the Tomb of the Ancients
100892 | Tomb:1   | Noticed a royal mummy
100894 | Tomb:1   | Noticed a royal mummy
100894 | Tomb:1   | Noticed a royal mummy
100897 | Tomb:1   | Killed a royal mummy
100965 | Tomb:1   | Killed a royal mummy
100966 | Tomb:1   | Killed a royal mummy
100973 | Tomb:1   | Noticed a royal mummy
101054 | Tomb:1   | Killed a royal mummy
101088 | Tomb:1   | Noticed a royal mummy
101254 | Tomb:1   | Killed a royal mummy
101451 | Tomb:1   | Noticed a royal mummy
101454 | Tomb:1   | Noticed a royal mummy
101455 | Tomb:1   | Killed a royal mummy
101455 | Tomb:1   | Noticed a royal mummy
101457 | Tomb:1   | Killed a royal mummy
101460 | Tomb:1   | Killed a royal mummy
101461 | Tomb:1   | Reached skill level 15 in Translocations
102395 | Tomb:1   | Noticed a royal mummy
102399 | Tomb:1   | Noticed a royal mummy
102403 | Tomb:1   | Killed a royal mummy
102404 | Tomb:1   | Received a gift from Sif Muna
102404 | Tomb:1   | Identified a scroll of acquirement
102405 | Tomb:1   | Killed a royal mummy
102409 | Tomb:1   | Got Sif Muna's Folio of Lithic Illusion {god gift}
102580 | Tomb:1   | Acquired 742 gold pieces
103119 | Tomb:2   | Noticed a royal mummy
103119 | Tomb:2   | Noticed a royal mummy
103120 | Tomb:2   | Noticed a royal mummy
103120 | Tomb:2   | Noticed a royal mummy
103122 | Tomb:2   | Killed a royal mummy
103122 | Tomb:2   | Killed a royal mummy
103123 | Tomb:2   | Killed a royal mummy
103126 | Tomb:2   | Killed a royal mummy
103639 | Tomb:2   | Received a gift from Sif Muna
103993 | Tomb:3   | Entered Level 3 of the Tomb of the Ancients
104015 | Tomb:3   | Noticed a royal mummy
104020 | Tomb:3   | Noticed a royal mummy
104021 | Tomb:3   | Noticed a royal mummy
104024 | Tomb:3   | Killed a royal mummy
104024 | Tomb:3   | Noticed a royal mummy
104027 | Tomb:3   | Killed a royal mummy
104034 | Tomb:3   | Killed a royal mummy
104040 | Tomb:3   | Killed a royal mummy
104044 | Tomb:3   | HP: 4/192 [mummy priest/divine providence (10)]
104120 | Tomb:3   | Noticed a royal mummy
104126 | Tomb:3   | Killed a royal mummy
104208 | Tomb:3   | Noticed a royal mummy
104215 | Tomb:3   | Killed a royal mummy
104408 | Tomb:3   | Noticed a royal mummy
104415 | Tomb:3   | Killed a royal mummy
104438 | Tomb:3   | Noticed Khufu
104443 | Tomb:3   | Noticed a royal mummy
104450 | Tomb:3   | Killed Khufu
104459 | Tomb:3   | Killed a royal mummy
104598 | Tomb:3   | Gained mutation: You sometimes lose your temper in combat.
                  | [mutagenic glow]
104613 | Tomb:2   | Lost mutation: Your magical capacity is low. (-10% MP)
                  | [potion of mutation]
104613 | Tomb:2   | Lost mutation: You sometimes lose your temper in combat.
                  | [potion of mutation]
104613 | Tomb:2   | Lost mutation: You are weak. (Str -2) [potion of mutation]
104613 | Tomb:2   | Gained mutation: You are mostly covered in iridescent
                  | scales. (AC +4) [potion of mutation]
104712 | Tomb:3   | Identified the +4 dagger of the Oracle {flame, Fly Dex+3}
104729 | Tomb:3   | Identified the ring "Duculog" {rF+ rN+ rCorr}
104734 | Tomb:3   | Identified the +1 robe "Xito" {Str+2}
104736 | Tomb:3   | Identified the +1 plate armour of Gravity {Int+3}
104737 | Tomb:3   | Identified the +8 broad axe of Bagheonge {holy, rC+ Will-
                  | Str+3}
104806 | Tomb:3   | Got a golden rune of Zot
104873 | Tomb:3   | Identified the +1 ring mail of the Slug {-Tele rPois rN+
                  | Int+6}
104880 | Tomb:3   | Identified the +1 shortbow "Tiaric Vyuja" {vorpal, Dex+3}
104920 | Tomb:3   | Got Sif Muna's Handbook of the Dark Summer
105755 | Dis:1    | Entered Level 1 of the Iron City of Dis
107736 | Dis:4    | Reached skill level 24 in Spellcasting
108434 | Dis:5    | Reached skill level 10 in Staves
109331 | Dis:6    | Learned a level 4 spell: Passage of Golubria
109464 | Dis:6    | Reached skill level 10 in Summonings
109551 | Dis:7    | Entered Level 7 of the Iron City of Dis
109764 | Dis:7    | Noticed a juggernaut
109772 | Dis:7    | Killed a juggernaut
110059 | Dis:7    | Noticed a juggernaut
110066 | Dis:7    | Killed a juggernaut
111653 | Dis:7    | Noticed a juggernaut
111666 | Dis:7    | Killed a juggernaut
111674 | Dis:7    | Learned a level 5 spell: Borgnjor's Vile Clutch
111999 | Dis:7    | Found the +4 staff of Dispater
111999 | Dis:7    | Noticed Dispater
112031 | Dis:7    | Killed Dispater
112206 | Dis:7    | Got an iron rune of Zot
112207 | Dis:7    | Identified the ring "Pajerchoase" {rElec Dex+6}
112381 | Dis:7    | Reached skill level 15 in Shields
112498 | Dis:7    | Identified the +9 quarterstaff of Anger {vorpal, rF+}
113592 | D:9      | Learned a level 7 spell: Malign Gateway
114008 | Tar:1    | Entered Level 1 of Tartarus
114043 | Coc:1    | Entered Level 1 of Cocytus
114647 | Coc:2    | Paralysed by a wendigo for 1 turns
114853 | Coc:2    | Paralysed by a wendigo for 1 turns
115559 | Coc:4    | Killed from afar by a wendigo

Illustrated notes

Levels and vault maps discovered:
D:1:      mrwooster_arrival_statue_2, layout_loops_ring,
          shapermc_ecumenical_altar_rom_forum, minmay_tromino_v4_a
D:2:      layout_basic, basic_altar, serial_bayou_pond_c,
          dreamdust_princess_corridor, serial_bayou_pond_a
D:3:      layout_rooms
D:4:      layout_loops_ring, dk_yredelemnul_ordeal, lightli_sewer_entry_pipes
D:5:      layout_loops_cross, xom_teletrap_fun, vehumet_statue,
          minmay_temple_entry_antechambers, uniq_pikel, uniq_menkaure,
          uniq_blork_the_orc
D:6:      layout_basic, enter_ossuary_4, gammafunk_ghost_gnarly_gnolls,
          serial_shops, nicolae_shop_behind_doors, nicolae_figureground_pulse
D:7:      layout_basic, kennysheep_generic_room_8
D:8:      layout_basic, mainiacjoe_overflow_brackets,
          nicolae_overflow_crystal_walls
D:9:      layout_irregular_city, grunt_dithmenos_smoke,
          gammafunk_temple_overflow_elements, david_lair_generic,
          hiddenorc1_lemuel
D:10:     layout_rooms, serial_aquarium, aquarium_bridge_island_small
          [aquarium_subvault_small_water, aquarium_subvault_bridge,
          aquarium_subvault_bridge, aquarium_subvault_bridge,
          aquarium_subvault_wall], aquarium_bridge_straight
          [aquarium_subvault_bridge, aquarium_subvault_wall,
          aquarium_subvault_bridge, aquarium_subvault_wall], aquarium_window_2,
          aquarium_window_1, aquarium_window_1, aquarium_window_corridor_3,
          aquarium_view_2d, aquarium_view_2d, aquarium_pool_2, uniq_urug
D:11:     layout_gridville, uniq_snorg
D:12:     layout_roguey, serial_shops, nicolae_lakefront_shop, shop, shop,
          nicolae_shop_window_shopping, gammafunk_ghost_grave
D:13:     layout_loops_ring, portal_ice_cave_entry_pillars_2,
          evilmike_ruin_ashenzari, uniq_sonja
D:14:     minmay_slanted_spiral_squares, layout_rooms,
          grunt_vaults_entry_fortified, minmay_staircase_statues_hall_small
D:15:     grunt_enter_depths_snipers, layout_gridville, serial_shops,
          nicolae_shop_hallway_plus, grunt_decor_arrowhead, uniq_kirke,
          uniq_jorgrun
Temple:   nicolae_temple_great_sept
Lair:1:   layout_roguey, nicolae_lair_run_with_the_wolves, grunt_megastairs_3
Lair:2:   layout_cave_pods, minmay_snake_entry_guardpost_small
Lair:3:   layout_regular_city, minmay_swamp_entry_worms
Lair:4:   layout_long_grid, nicolae_slime_entry_slimehenge,
          chequers_serial_rivers_small_3
Lair:5:   hangedman_lair_caniforms_friends, layout_loops_ring,
          kennysheep_abandoned_house
Swamp:1:  layout_basic_swamp, nicolae_swamp_long_stream, swamp_pool1
Swamp:2:  layout_basic_swamp, serial_swamp_ruin, evilmike_swamp_ruin_rubble_1,
          evilmike_swamp_ruin_rubble_2, evilmike_swamp_ruin_house_3
Swamp:3:  layout_basic_swamp, evilmike_swamp_ruin_house_1, st_swamp_ruins_3
Swamp:4:  nzn_swamp_witches_coven, layout_basic_swamp, swamp_pool2, uniq_louise,
          uniq_donald
Snake:1:  layout_honeycomb, basic_altar, minmay_shoptagon
Snake:2:  layout_rooms, serial_shops, nicolae_stop_n_shop_1
Snake:3:  layout_gridlike, grunt_ministairs_12, grunt_megastairs_2,
          minmay_shop_grove, serial_bayou_shore_b, lemuel_fruit_tree
Snake:4:  minmay_snake_end_coiled, layout_cave_town, basic_altar,
          nicolae_snake_slithery_corners, nicolae_snake_dead_anacondas
Slime:1:  layout_caves, cheibrodos_slime_lost_civilization_5
Slime:2:  layout_caves
Slime:3:  layout_caves
Slime:4:  layout_caves, nicolae_slime_barrier,
          cheibrodos_slime_lost_civilization_4
Slime:5
Orc:1:    layout_caves
Orc:2:    pf_orc_diabolical, layout_caves, basic_altar, nicolae_shop_self_help
Elf:1:    minmay_elf_arrival_summoners, layout_gridlike, minmay_elf_sorcery,
          minmay_misc_feat_diagonals
Elf:2:    nicolae_elf_blades_crystal_corner, layout_loops_cross,
          portal_desolation_entry_holy_temple, hex_medium, nicolae_elf_v_pinch
Elf:3:    grunt_elf_hall_asides, layout_gridlike, serial_shops, shop_fountains,
          hangedman_elf_simple_split, minmay_misc_feat_rows,
          nicolae_elf_big_sculpture_1, grunt_ministairs_6
Vaults:1: vaults_room_mumra_shop_pool, vaults_dpeg_diagonal, v_misc_27,
          vaults_room_grunt_arrival_checkpoint, nicolae_vaults_gold_heap,
          nicolae_vaults_little_squares_5, nicolae_vaults_fighting_squares,
          grunt_vaults_hallway_long, nicolae_vaults_border_crossing,
          vaults_room_fours, v_misc_22, layout_vaults_omnigrid
Vaults:2: vaults_mumra_minichess_inversion, nicolae_vaults_diagonal_hallway_9,
          hangedman_vaults_capsules, vaults_mumra_chevron_long,
          nicolae_vaults_asterisk, ontoclasm_vaults_pinch,
          vaults_room_door_hall, hangedman_vaults_cutoff, vaults_dpeg_doors,
          vaults_room_door_ring, grunt_vaults_swirl, layout_vaults_omnicross,
          enter_trove_6, uniq_saint_roka, uniq_mennas
Vaults:3: nicolae_vaults_little_squares_4, nicolae_vaults_little_squares_1,
          v_alt_pattern_5, ontoclasm_vaults_idyll, nicolae_vaults_specimen_jars,
          minmay_crypt_entry_necro_gods, nicolae_vaults_little_squares_4,
          vaults_room_pools, grunt_vaults_twisty, vaults_mumra_minichess,
          layout_vaults_big_room
Vaults:4: ontoclasm_vaults_shuriken, vaults_room_door_hall,
          grunt_vaults_bifocal, nicolae_vaults_network_quinsquares
          [nicolae_vaults_network_quincunx_subvault,
          nicolae_vaults_network_quincunx_subvault,
          nicolae_vaults_network_quincunx_subvault,
          nicolae_vaults_network_quincunx_subvault],
          nicolae_vaults_inception_scallops, ontoclasm_vaults_fault,
          vaults_room_octagon, nicolae_vaults_circle_grid_b,
          dpeg_vaults_monster_box, vaults_room_pool, grunt_vaults_trifunnel,
          nicolae_vaults_little_squares_5, hangedman_vaults_nails,
          nicolae_vaults_asterisk, hangedman_vaults_impose,
          ontoclasm_vaults_chip, nicolae_vaults_bisected_slash,
          layout_vaults_omnibox
Vaults:5: uniq_sojobo, uniq_frederick
Crypt:1:  layout_regular_city, basic_altar
Crypt:2:  layout_catacombs, basic_altar
Crypt:3:  david_glass_crypt, layout_gridlike, nicolae_tomb_entry_grand_gallery,
          uniq_josephina, uniq_vv, uniq_xtahua, uniq_boris
Tomb:1
Tomb:2
Tomb:3
Depths:1: layout_cave_shapes, grunt_decor_fettered, serial_rivers,
          chequers_serial_rivers_large_a, chequers_serial_rivers_micro_c,
          chequers_serial_rivers_micro_e, chequers_serial_rivers_room_b,
          chequers_serial_rivers_micro_e, lightli_too_deep, minmay_the_grid_2x2
          [minmay_the_grid_medium_cups, minmay_the_grid_rooms,
          minmay_the_grid_tree, minmay_the_grid_prize_four_corners]
Depths:2: regret_index_dithmenos_brocken_genspenst, layout_cave_shapes,
          pan_entry, hell_entry, minmay_misc_feat_cross, hex_tiny,
          nicolae_elemental_shop, infiniplex_staircase_pool_2,
          serial_bayou_shore_b, roderic_lattice_octagonal_star
Depths:3: kennysheep_blocky_hall, layout_cave_shapes, enter_ziggurat_d,
          grunt_hell_entry_dis_mu, kennysheep_nondescript,
          gammafunk_ghost_smash, nicolae_abyss_entry_one_way_or_another,
          nicolae_shop_unique_rings, tso_metal_star,
          infiniplex_staircase_trident
Depths:4: grunt_zot_entry_hairpin, layout_gridlike, serial_glass,
          glass_columns_c, glass_columns_a, glass_columns_b, glass_columns_c,
          glass_columns_c, glass_columns_c, hell_entry
Hell
Dis:1:    layout_subdivisions
Dis:2:    layout_jigsaw
Dis:3:    layout_jigsaw
Dis:4:    layout_jigsaw
Dis:5:    layout_jigsaw
Dis:6:    layout_subdivisions
Dis:7:    dis_grunt_layers
Coc:1:    layout_cocytus_delve, nicolae_coc_statues_of_limitations
Coc:2:    layout_cocytus_delve
Coc:3:    layout_ice_bergs
Coc:4:    layout_cocytus_delve
Tar:1:    layout_catacombs

Skill      XL: |  1  2  3  4  5  6  7  8  9 10 11 12 13 14 15 16 17 18 19 20 21 22 23 24 25 26 27 |
---------------+----------------------------------------------------------------------------------+-----
Conjurations   | 1 2 3 4 5 6 7 8 9 10 11 12 13 14 | 14.3
Hexes          | 1 2 3 4 5 6 7 8 9 11 14 15 16 17 18 21 | 21.4
Stealth        | 3 4 5 6 7 8 |  8.6
Dodging        | 3 4 5 6 7 8 9 10 11 12 13 14 15 17 20 | 20.5
Spellcasting   | 4 5 6 7 9 10 11 12 14 15 16 17 19 20 21 24 | 24.8
Ice Magic      | 5 6 7 8 9 10 11 12 13 14 15 | 15.1
Evocations     | 1 2 3 4 5 6 7 8 9 10 11 12 13 14 15 18 | 18.6
Translocations | 2 3 4 5 6 7 8 10 12 18 | 18.4
Ranged Weapons | 1 3 4 6 7 8 9 |  9.1
Fighting       | 1 2 3 4 5 6 7 8 |  8.9
Invocations    | 2 4 6 8 9 10 11 12 13 | 13.4
Earth Magic    | 3 5 6 7 9 12 13 14 15 16 17 18 20 23 | 23.4
Air Magic      | 1 3 4 5 6 |  6.5
Transmutations | 5 10 12 14 15 | 15.7
Shields        | 5 6 7 10 12 15 | 15.2
Necromancy     | 2 |  2.6
Summonings     | 12 | 12.5
Staves         | 12 | 12.4

Action                   |  1- 3 |  4- 6 |  7- 9 | 10-12 | 13-15 | 16-18 | 19-21 | 22-24 | 25-27 || total
-------------------------+-------+-------+-------+-------+-------+-------+-------+-------+-------++-------
Melee: Unarmed           |     2 |       |       |       |       |     4 |    19 |       |       ||    25
       Dagger            |     9 |    33 |     6 |     2 |       |    29 |     5 |       |    16 ||   100
       Scimitar          |       |       |       |    40 |   287 |    33 |       |       |       ||   360
       Spear             |       |       |       |    27 |     4 |       |       |       |       ||    31
       Punch             |       |       |       |       |     2 |       |     1 |       |       ||     3
       Staff             |       |       |       |       |       |       |    11 |    56 |   100 ||   167
       Bite              |       |       |       |       |       |       |     4 |       |       ||     4
       Tailslap          |       |       |       |       |       |       |     3 |       |       ||     3
 Fire: Sling             |       |     8 |   163 |       |       |       |       |       |       ||   171
       Shortbow          |       |       |    52 |   198 |    21 |   563 |   539 |       |       ||  1373
 Cast: Freeze            |    37 |    54 |    68 |    80 |    50 |     1 |       |       |       ||   290
       Frozen Ramparts   |     2 |    13 |    22 |    52 |   110 |    41 |     4 |       |       ||   244
       Ozocubu's Armour  |     1 |     6 |    15 |    34 |    62 |    51 |     7 |       |       ||   176
       Hailstorm         |       |       |    35 |    62 |    65 |    22 |       |       |       ||   184
       Slow              |       |       |     1 |    14 |    10 |       |       |       |       ||    25
       Iskenderun's Myst |       |       |       |    15 |    43 |    23 |       |       |       ||    81
       Dazzling Flash    |       |       |       |    11 |     1 |       |       |       |       ||    12
       Cause Fear        |       |       |       |     6 |     8 |     1 |     3 |       |     9 ||    27
       Ensorcelled Hiber |       |       |       |     1 |     2 |     1 |       |       |       ||     4
       Freezing Cloud    |       |       |       |       |    72 |   108 |    82 |    41 |     4 ||   307
       Mephitic Cloud    |       |       |       |       |    15 |     7 |       |       |       ||    22
       Ignite Poison     |       |       |       |       |    13 |     4 |       |       |       ||    17
       Lee's Rapid Decon |       |       |       |       |    14 |    38 |   136 |    32 |   378 ||   598
       Ozocubu's Refrige |       |       |       |       |       |    27 |    54 |    15 |    84 ||   180
       Discord           |       |       |       |       |       |     3 |    25 |    14 |    86 ||   128
       Ice Form          |       |       |       |       |       |     2 |     1 |       |       ||     3
       Borgnjor's Vile C |       |       |       |       |       |       |   186 |    36 |    30 ||   252
       Chain Lightning   |       |       |       |       |       |       |     1 |       |       ||     1
       Irradiate         |       |       |       |       |       |       |    23 |    31 |    97 ||   151
       Statue Form       |       |       |       |       |       |       |    17 |    20 |    85 ||   122
       Dragon Form       |       |       |       |       |       |       |     8 |       |       ||     8
       Leda's Liquefacti |       |       |       |       |       |       |     2 |       |    24 ||    26
       Conjure Ball Ligh |       |       |       |       |       |       |    21 |    19 |    42 ||    82
       Lehudib's Crystal |       |       |       |       |       |       |       |     7 |   307 ||   314
       Shatter           |       |       |       |       |       |       |       |       |   176 ||   176
       Fire Storm        |       |       |       |       |       |       |       |       |     1 ||     1
       Enfeeble          |       |       |       |       |       |       |       |       |     4 ||     4
       Spellforged Servi |       |       |       |       |       |       |       |       |    68 ||    68
       Summon Guardian G |       |       |       |       |       |       |       |       |    34 ||    34
       Disjunction       |       |       |       |       |       |       |       |       |     8 ||     8
       Malign Gateway    |       |       |       |       |       |       |       |       |     5 ||     5
       Death's Door      |       |       |       |       |       |       |       |       |     5 ||     5
Invok: Channel Magic     |       |       |       |     2 |     4 |     6 |    12 |     1 |    51 ||    76
       Forget Spell      |       |       |       |       |       |     8 |     5 |       |     9 ||    22
       Divine Exegesis   |       |       |       |       |       |       |     1 |       |     8 ||     9
 Abil: End Transformatio |       |       |       |       |       |     1 |     2 |       |       ||     3
       Breathe Fire      |       |       |       |       |       |       |     6 |       |       ||     6
       Evoke the Staff o |       |       |       |       |       |       |       |       |    12 ||    12
Evoke: Wand              |       |       |    17 |    12 |       |       |       |       |     1 ||    30
       Phantom mirror    |       |       |       |       |       |       |       |     1 |     6 ||     7
       Phial of floods   |       |       |       |       |       |       |       |       |     2 ||     2
       Horn of Geryon    |       |       |       |       |       |       |       |       |     2 ||     2
       Box of beasts     |       |       |       |       |       |       |       |       |     2 ||     2
       Piece from Xom's  |       |       |       |       |       |       |       |       |     1 ||     1
       Condenser vane    |       |       |       |       |       |       |       |       |     1 ||     1
  Use: Scroll            |       |     9 |     7 |    15 |     5 |    10 |     8 |     1 |    15 ||    70
       Potion            |       |       |     1 |     1 |     3 |     2 |     5 |     4 |    16 ||    32
 Stab: Sleeping          |     1 |     4 |     2 |     5 |     2 |     1 |       |     2 |       ||    17
       Invisible         |       |       |       |     1 |       |       |       |       |       ||     1
       Distracted        |       |       |       |       |       |       |       |     1 |     1 ||     2
Armor: Robe              |     8 |    18 |    30 |    98 |   178 |     9 |    38 |       |    15 ||   394
       Animal skin       |       |       |       |       |     1 |   103 |     4 |     7 |    30 ||   145
       Skin              |       |       |       |       |       |     2 |    75 |    36 |   238 ||   351
Dodge: Dodged            |    20 |    38 |    91 |   211 |   477 |   223 |   228 |   138 |   561 ||  1987
       Repelled          |       |       |       |       |       |       |       |     1 |     6 ||     7
Block: Buckler           |       |       |       |       |       |       |    27 |   119 |   545 ||   691
       Reflection        |       |       |       |       |       |       |    12 |    29 |    52 ||    93
       Other             |       |       |       |       |       |       |     3 |       |       ||     3
